 Dungeon Crawl Stone Soup version 0.31-a0-354-g827e0957a7 (webtiles) character file.

Game seed: 9582959420072731029

102481 Cecky the Brawler (level 15, -8/156 HPs)
             Began as a Troll Fighter on June 8, 2023.
             Was the Champion of Qazlal.
             Mangled by a broodmother (13 damage)
             ... on level 1 of the Spider Nest on July 24, 2023.
             The game lasted 01:22:09 (20677 turns).

Cecky the Brawler (Troll Fighter)                  Turns: 20677, Time: 01:22:11

Health: -8/156     AC: 19    Str: 28    XL:     15   Next: 86%
Magic:  3/21       EV: 10    Int:  4    God:    Qazlal [******]
Gold:   809        SH:  0    Dex: 13    Spells: 14/14 levels left

rFire   . .          .
                       - Unarmed
rCold   + . .        e - +2 kite shield
rNeg    . . .        y - +2 swamp dragon scales
rPois   +            z - +2 hood of the Assassin {Detect Stab+ Stlth++}
rElec   +            B - +0 cloak
rCorr   .            (gloves unavailable)
SInv    +            (boots unavailable)
Will    ++...        d - amulet of reflection
Stlth   +            K - ring of Limitation {Slay+3 SInv}
HPRegen 1.26/turn    L - ring "Kian" {rElec rPois rC+ Will+ Int-2}
MPRegen 0.17/turn

%: repel missiles, reflection
@: confused, protected from physical damage, studying Polearms
A: large, unfitting armour, claws 3, regeneration 1, shaggy fur 1, tough skin 1
a: Renounce Religion, Upheaval, Elemental Force, Disaster Area


You were on level 1 of the Spider Nest.
You worshipped Qazlal.
Qazlal was exalted by your worship.
You visited 5 branches of the dungeon, and saw 24 of its levels.
You visited 1 bazaar.
You also visited: Bailey and Gauntlet.

You collected 3084 gold pieces.
You spent 2275 gold pieces at shops.

Inventory:

Hand Weapons
 a - a +5 arbalest of electrocution
Missiles
 i - 51 poisoned darts
 n - 2 throwing nets
 R - 2 atropa-tipped darts
 T - 13 silver javelins
Armour
 e - a +2 kite shield (worn)
 y - +2 swamp dragon scales (worn)
 z - the +2 hood of the Assassin (worn) {Detect Stab+ Stlth++}
   (You found it in a Gauntlet)

   Detect:    It allows the wearer to sense nearby creatures.
   Stab+:     It allows the wearer to make particularly effective stabbing
   attacks against helpless or unaware enemies with any weapon.
   Stlth:     It makes you much more stealthy.
 B - a +0 cloak (worn)
Jewellery
 d - an amulet of reflection (around neck)
 K - the ring of Limitation (left claw) {Slay+3 SInv}
   (You bought it in a shop in a bazaar)

   [ring of see invisible]

   Slay:      It affects your accuracy & damage with ranged weapons and melee
   (+3).
   SInv:      It lets you see invisible.
 L - the ring "Kian" (right claw) {rElec rPois rC+ Will+ Int-2}
   (You bought it in a shop in a bazaar)

   [ring of willpower]

   Int:       It affects your intelligence (-2).
   rC:        It protects you from cold.
   rElec:     It insulates you from electricity.
   rPois:     It protects you from poison.
   Will:      It increases your willpower.
 N - a ring of protection from cold
 W - a ring of protection from fire
Wands
 p - a wand of paralysis (16) (quivered)
 t - a wand of mindburst (13)
 v - a wand of acid (11)
 G - a wand of digging (8)
Scrolls
 g - 12 scrolls of teleportation
 l - 2 scrolls of fog
 m - 4 scrolls of enchant armour
 o - 2 scrolls of revelation
 q - 2 scrolls of immolation
 r - 7 scrolls of poison
 s - 4 scrolls of vulnerability
 u - 3 scrolls of fear
 x - 2 scrolls of silence
 C - 4 scrolls of enchant weapon {unknown}
 D - a scroll of blinking
 E - a scroll of summoning {unknown}
 M - 2 scrolls of torment {unknown}
 O - 2 scrolls of brand weapon
 U - 2 scrolls of identify
Potions
 b - 5 potions of invisibility
 c - 4 potions of might
 f - 5 potions of heal wounds
 h - 12 potions of curing
 j - 2 potions of enlightenment {unknown}
 k - 5 potions of mutation
 w - 3 potions of lignification
 A - 2 potions of cancellation
 F - 3 potions of haste
 H - 3 potions of resistance {unknown}
 I - 3 potions of berserk rage
 J - 3 potions of ambrosia
 Q - 2 potions of degeneration {unknown}
 V - a potion of magic {unknown}


   Skills:
 + Level 12.1 Fighting
 + Level 7.0 Armour
 * Level 5.9 Dodging
 - Level 8.5 Shields
 - Level 18.9 Unarmed Combat
 - Level 9.5 Invocations
 - Level 0.8 Evocations


You had 14 spell levels left.
You didn't know any spells.
Your spell library contained the following spells:

 Spells                   Type           Power      Damage    Failure   Level
 Summon Small Mammal      Summ           0%         N/A       80%         1
 Cigotuvi's Dreadful Rot  Necr/Pois/Air  0%         N/A       90%         2
 Sublimation of Blood     Necr           0%         N/A       90%         2
 Wereblood                Tmut           0%         N/A       90%         2
 Call Canine Familiar     Summ           0%         N/A       99%         3
 Dazzling Flash           Conj/Hex       0%         N/A       99%         3
 Ozocubu's Armour         Ice            0%         N/A       99%         3
 Summon Guardian Golem    Hex/Summ       0%         N/A       99%         3
 Dispel Undead            Necr           0%         3d6       100%        4
 Manifold Assault         Tloc           0%         N/A       100%        4
 Agony                    Necr           0%         N/A       100%        5
 Borgnjor's Vile Clutch   Necr/Erth      0%         N/A       100%        5
 Fireball                 Conj/Fire      0%         3d3       100%        5
 Iskenderun's Battlesphe  Conj           0%         2d6       100%        5
 Silence                  Hex/Air        0%         N/A       100%        5
 Death Channel            Necr           0%         N/A       100%        6
 Dispersal                Tloc           0%         N/A       100%        6
 Ozocubu's Refrigeration  Ice            0%         4d7       100%        7
 Summon Hydra             Summ           0%         N/A       100%        7
 Disjunction              Tloc           0%         N/A       100%        8


Dungeon Overview and Level Annotations

Branches:
Dungeon (15/15)            Temple (1/1) D:5            Lair (5/5) D:11
 Shoals (0/4) Lair:2       Spider (1/4) Lair:3        Slime (0/5) Lair:4
    Orc (2/2) D:9             Elf (0/3) Orc:2        Vaults (0/5) D:13
 Bailey (visited)         Gauntlet (visited)
 Depths: D:15

Altars:
Ashenzari
Cheibriados
Dithmenos
Elyvilon
Fedhas
Gozag
Hepliaklqana
Kikubaaqudgha
Makhleb
Nemelex Xobeh
Okawaru
Qazlal
Ru
Sif Muna
Trog
Uskayaw
Vehumet
Wu Jian
Xom
Yredelemnul
Zin
The Shining One

Shops:
D:2 :   D:6 :   D:9 ((!   Orc:2 *[!(

Annotations:
D:6 3 runed translucent doors, Beaer's ghost, novice FoHu


Innate Abilities, Weirdness & Mutations

You are too large for most types of armour.
You have claws for hands.
Your natural rate of healing is unusually fast.
You are covered in fur. (AC +1)
You have tough skin. (AC +1)


Message History

* * * LOW HITPOINT WARNING * * *
You block the tarantella's attack. You block the broodmother's attack.
The radroach bites you but does no damage.
The radroach claws you but does no damage.
The wolf spider is engulfed in blazing flames.
The wolf spider closely misses you. You block the wolf spider's attack.
The tarantella touches you.
* * * LOW HITPOINT WARNING * * *
The tarantella touches you but does no damage.
You miss the tarantella.
The tarantella is heavily wounded.
The culicivora is engulfed in blazing flames.
You block the culicivora's attack.
The wolf spider is engulfed in blazing flames.
The wolf spider misses you. You block the wolf spider's attack.
The broodmother bites you!
* * * LOW HITPOINT WARNING * * *
You block the tarantella's attack. The radroach barely misses you.
The radroach claws you but does no damage.
You block the tarantella's attack.
Activating: Disaster Area (7% risk of failure)
Press: ? - help, Dir - look around, f - activate Nature churns violently around you!
The blast of ice hits the orb spider!
The orb spider is moderately wounded.
The orb spider is flash-frozen.
The blast of ice hits the orb spider!!
The orb spider is heavily wounded.
The orb spider is flash-frozen.
The blast of rubble hits the wolf spider!!
You kill the wolf spider!
The wolf spider's corpse disappears in a puff of smoke!
The blast of rubble hits the radroach!
The radroach is lightly wounded.
You block the culicivora's attack.
The wolf spider is engulfed in blazing flames.
You block the wolf spider's attack. x2; The tarantella touches you!
* * * LOW HITPOINT WARNING * * *
You are confused.
The broodmother bites you!
You die...

...^.....## ##
..#.#^...†.##.#
...#.#..##†#..### #
........†<.†...>#.#
.........#.†.......
.#.......##†.......
.^#...#.###§○###..#
...#..≈.##sss# .
#...>...s°s@#s#
.....≈..s.s#B§.#
..#......#[.s○..#
.....#.#†....#.....
.#......>§..#..#..#
........#§.........
#^^.......#...#.# .
.#...............
....... .......


You could see a broodmother, a radroach, a wolf spider (summoned), 2 orb
spiders, a culicivora (summoned), 2 tarantellas and a redback (summoned).

Vanquished Creatures
  Jorgrun (D:12)
  The ghost of Rrauwl the Bludgeoner, an adept OgGl of Okawaru (Orc:1)
  The ghost of anet the Cleaver, a journeyman MiBe of Trog (Orc:1)
  The ghost of chipmonk the Thaumaturge, a journeyman GnCj of Vehumet (Orc:2)
  The ghost of Gargoyl the Tortoise, a journeyman GrBe of Trog (Orc:1)
  A broodmother (Spider:1)
  A minotaur (Gauntlet)
  The ghost of Voker57 the Unforgettable, a journeyman DsMo of Hepliaklqana (Lair:5)
  The ghost of Jays the Cleaver, a journeyman HOCj of Beogh (Lair:2)
  3 hydras
  4 vault guards (D:13)
  A catoblepas (D:11)
  Erica (Orc:1)
  The ghost of Elmgren the Fighter, a novice MiBe of Trog (D:9)
  4 centaur warriors
  2 boulder beetles
  A tengu warrior (D:13)
  The ghost of PirateVox the Skirmisher, a journeyman SpHu of Okawaru (Orc:1)
  12 orc high priests
  Urug (D:13)
  The ghost of hattey the Fighter, a novice HuWn of Okawaru (D:9)
  2 spectral death yaks (Lair:5)
  The ghost of mn3067 the Basher, a novice GrGl of Gozag (D:9)
  Amaemon (Lair:3)
  A skyshark (Lair:4)
  A goliath frog (Lair:5)
  A sun moth (Spider:1)
  The ghost of Ijustatesigmund the Tainter, a novice OpVM (D:9)
  A pharaoh ant (Spider:1)
  2 orb spiders
  2 spectral hydras (Lair:5)
  2 lindwurms (Lair:2)
  A deep elf pyromancer (D:14)
  3 orc knights (Bailey)
  A steelbarb worm (Spider:1)
  13 ugly things
  An oklob plant (Lair:4)
  4 orc sorcerers
  5 wolf spiders
  4 cyclopes
  3 manticores
  A rust devil (Gauntlet)
  2 centaur zombies (D:11)
  8 elephants (Lair:5)
  A black mamba (Lair:4)
  A water nymph (Lair:2)
  A torpor snail (Lair:3)
  An apocalypse crab (Gauntlet)
  17 cane toads
  2 gargoyles
  An ice statue (Gauntlet)
  An orange demon (Lair:3)
  Maggie (D:6)
  3 kobold demonologists
  4 rime drakes
  6 komodo dragons
  A tengu conjurer (D:13)
  6 trolls
  4 tyrant leeches
  3 hornets
  9 tarantellas
  2 polar bears
  31 blink frogs
  3 jumping spiders (Spider:1)
  5 dream sheep (Lair:3)
  2 culicivoras (Spider:1)
  12 slime creatures
  A centaur simulacrum (D:15)
  A ynoxinul (Gauntlet)
  A wyvern (Lair:4)
  62 yaks
  2 vampires
  3 shadows
  A steam dragon (D:9)
  A wraith (D:13)
  12 redbacks
  9 vampire mosquitoes
  3 basilisks
  10 wargs
  Edmund (D:6)
  2 acid dragons
  9 water moccasins
  An ice beast (D:7)
  24 orc warriors
  A black bear (Lair:2)
  13 wolves
  4 ogres
  4 centaurs
  A phantom (D:6)
  Blork the orc (D:6)
  2 kobold brigands
  16 bullfrogs
  A gnoll sergeant (D:6)
  2 scorpions
  11 wights
  5 killer bees (D:8)
  8 howler monkeys
  5 electric eels (Bailey)
  6 hounds
  3 jellies
  2 iron imps (Gauntlet)
  30 orc priests
  2 sleepcaps
  4 iguanas
  15 orc wizards
  11 hell rats
  Robin (D:3)
  6 gnolls
  3 adders
  2 shadow imps
  An ufetubus (D:5)
  A worm (D:2)
  A dart slug (D:1)
  72 orcs
  10 endoplasms
  4 giant cockroaches
  26 goblins
  19 hobgoblins
  3 jackals (D:5)
  4 quokkas
  9 ball pythons
  2 bats
  3 frilled lizards
  13 kobolds
  3 rats
692 creatures vanquished.

Vanquished Creatures (collateral kills)
  A hydra (Lair:4)
  A blink frog (Lair:5)
  A yak (Lair:5)
3 creatures vanquished.

Vanquished Creatures (others)
  A deep elf pyromancer (D:13)
  An orc wizard (Orc:1)
2 creatures vanquished.

Grand Total: 697 creatures vanquished

Notes
Turn   | Place    | Note
-------+----------+-------------------------------------------
     0 | D:1      | Cecky the Troll Fighter began the quest for the Orb.
     0 | D:1      | Reached XP level 1. HP: 22/22 MP: 0/0
   124 | D:1      | Reached XP level 2. HP: 29/29 MP: 1/1
   961 | D:2      | Reached XP level 3. HP: 36/36 MP: 2/2
  1217 | D:2      | Found Uxza's Book Shoppe.
  1801 | D:3      | Reached skill level 3 in Unarmed Combat
  1801 | D:3      | Reached XP level 4. HP: 43/44 MP: 3/3
  2080 | D:3      | Noticed Robin
  2088 | D:3      | Killed Robin
  2355 | D:4      | Reached skill level 4 in Unarmed Combat
  2355 | D:4      | Reached XP level 5. HP: 52/52 MP: 4/4
  2489 | D:4      | Found a radiant altar of Vehumet.
  2752 | D:4      | Reached skill level 5 in Unarmed Combat
  2755 | D:4      | Reached XP level 6. HP: 61/61 MP: 5/5
  2841 | D:4      | Found a shimmering altar of Xom.
  3122 | D:5      | Entered Level 5 of the Dungeon
  3215 | D:5      | Reached skill level 6 in Unarmed Combat
  3225 | D:5      | Noticed a water moccasin
  3284 | D:5      | Killed a water moccasin
  3285 | D:5      | Reached XP level 7. HP: 67/67 MP: 6/6
  3306 | D:5      | Found a staircase to the Ecumenical Temple.
  3509 | D:5      | Found a glowing golden altar of the Shining One.
  3526 | D:5      | Reached skill level 7 in Unarmed Combat
  3734 | D:5      | Found an ornate altar of the Wu Jian Council.
  3757 | D:5      | Found a shadowy altar of Dithmenos.
  3949 | D:5      | Found a blossoming altar of Fedhas.
  4087 | Temple   | Entered the Ecumenical Temple
  4113 | Temple   | Became a worshipper of Qazlal Stormbringer
  4183 | D:6      | Reached skill level 8 in Unarmed Combat
  4183 | D:6      | Reached XP level 8. HP: 68/75 MP: 7/7
  4220 | D:6      | Found a hazy altar of Hepliaklqana.
  4243 | D:6      | Found a runed translucent gate.
  4244 | D:6      | Found a runed translucent gate.
  4244 | D:6      | Noticed Beaer's ghost (novice FoHu)
  4273 | D:6      | Noticed Maggie
  4288 | D:6      | Killed Maggie
  4360 | D:6      | Reached skill level 9 in Unarmed Combat
  4362 | D:6      | Noticed Blork the orc
  4375 | D:6      | Killed Blork the orc
  4376 | D:6      | Reached skill level 5 in Shields
  4539 | D:6      | Reached * piety under Qazlal
  4626 | D:6      | Found a runed translucent gate.
  4650 | D:6      | Reached skill level 10 in Unarmed Combat
  4697 | D:6      | Found a bloodstained altar of Trog.
  4922 | D:6      | Found a burning altar of Makhleb.
  4922 | D:6      | Noticed a green death
  4998 | D:6      | Noticed Edmund
  5011 | D:6      | Killed Edmund
  5012 | D:6      | Reached XP level 9. HP: 49/83 MP: 8/8
  5087 | D:6      | Found Fintaoj's Tremendous Tomes.
  5174 | D:6      | Found the +0 pair of fencer's gloves {Riposte Dex+3}
  5470 | D:7      | Reached skill level 11 in Unarmed Combat
  5603 | D:7      | Found a sacrificial altar of Ru.
  5790 | D:7      | Found a basalt altar of Yredelemnul.
  5954 | D:7      | Identified the +5 robe of Tieluqi {Rampage rPois Int+4}
  6234 | D:8      | Reached skill level 12 in Unarmed Combat
  6297 | D:8      | Reached XP level 10. HP: 76/93 MP: 9/9
  6330 | D:8      | Found a flagged portal.
  6342 | Bailey   | Entered a bailey
  6441 | Bailey   | Reached ** piety under Qazlal
  6470 | Bailey   | Noticed an orc sorcerer
  6485 | Bailey   | Killed an orc sorcerer
  6728 | Bailey   | Noticed an orc knight
  6734 | Bailey   | Killed an orc knight
  6735 | Bailey   | Reached skill level 13 in Unarmed Combat
  6755 | Bailey   | Acquired 753 gold pieces
  6787 | Bailey   | Found an iron altar of Okawaru.
  6787 | Bailey   | Noticed an orc high priest
  6822 | Bailey   | Noticed a rust devil
  6822 | Bailey   | Killed an orc high priest
  6823 | Bailey   | Reached skill level 5 in Fighting
  6846 | Bailey   | Identified the +3 long sword "Newtbane" {pain, rPois Will+}
  6935 | Bailey   | Noticed an orc knight
  6973 | Bailey   | Killed an orc knight
  7062 | Bailey   | Noticed an orc knight
  7069 | Bailey   | Killed an orc knight
  7070 | Bailey   | Reached skill level 14 in Unarmed Combat
  7268 | D:8      | Found a shimmering blue altar of Sif Muna.
  7327 | D:8      | Found an iron altar of Okawaru.
  7350 | D:8      | Reached XP level 11. HP: 92/104 MP: 10/10
  7539 | D:9      | Reached *** piety under Qazlal
  7564 | D:9      | Reached skill level 1 in Invocations
  7611 | D:9      | Found Zyadaynn's Distillery.
  7614 | D:9      | Found Ukaaneut's Weapon Boutique.
  7621 | D:9      | Bought a potion of berserk rage for 70 gold pieces
  7621 | D:9      | Bought a potion of mutation for 112 gold pieces
  7621 | D:9      | Bought a potion of curing for 42 gold pieces
  7657 | D:9      | Found a staircase to the Orcish Mines.
  7716 | D:9      | Found Ned Byn's Magic Scroll Boutique.
  7736 | D:9      | Bought a scroll of immolation for 52 gold pieces
  7736 | D:9      | Bought a scroll of identify for 26 gold pieces
  7736 | D:9      | Bought a scroll of blinking for 97 gold pieces
  7736 | D:9      | Bought a scroll of identify for 26 gold pieces
  7736 | D:9      | Bought a scroll of identify for 26 gold pieces
  7736 | D:9      | Bought a scroll of teleportation for 39 gold pieces
  7866 | D:9      | Found Vaz Okka's Antique Weapon Shop.
  7873 | D:9      | Found a runed translucent gate.
  7873 | D:9      | Found a runed translucent gate.
  7873 | D:9      | Noticed Ijustatesigmund's ghost (novice OpVM)
  7873 | D:9      | Noticed Elmgren's ghost (novice MiBe)
  7875 | D:9      | Noticed hattey's ghost (novice HuWn)
  7875 | D:9      | Noticed mn3067's ghost (novice GrGl)
  7876 | D:9      | Found a runed translucent gate.
  8002 | D:9      | Killed hattey's ghost
  8046 | D:9      | Killed Elmgren's ghost
  8047 | D:9      | Reached skill level 15 in Unarmed Combat
  8149 | D:9      | Killed Ijustatesigmund's ghost
  8385 | D:10     | Entered Level 10 of the Dungeon
  8879 | D:10     | Reached **** piety under Qazlal
  9480 | D:11     | Found a staircase to the Lair.
  9814 | D:11     | Found a basalt altar of Yredelemnul.
  9977 | Lair:1   | Entered Level 1 of the Lair of Beasts
  9981 | Lair:1   | Noticed a catoblepas
 10005 | D:11     | Killed a catoblepas
 10006 | D:11     | Reached XP level 12. HP: 88/115 MP: 13/13
 10121 | D:11     | Upgraded the game from 0.31-a0-150-g89dc3ad700 to
                  | 0.31-a0-152-g6aa68a64a1
 10199 | Lair:1   | Reached skill level 16 in Unarmed Combat
 10982 | Lair:2   | Reached ***** piety under Qazlal
 11111 | Lair:2   | Found a large runed translucent door.
 11112 | Lair:2   | Found a large runed translucent door.
 11325 | Lair:2   | Reached skill level 5 in Invocations
 11359 | Lair:2   | Reached skill level 17 in Unarmed Combat
 11715 | Lair:2   | Noticed Jays's ghost (journeyman HOCj)
 11731 | Lair:2   | Killed Jays's ghost
 12264 | Lair:3   | Noticed Amaemon
 12272 | Lair:3   | Killed Amaemon
 12276 | Lair:3   | Reached XP level 13. HP: 121/124 MP: 16/16
 12489 | Lair:3   | Found a hole to the Spider Nest.
 13359 | Lair:4   | Found a blossoming altar of Fedhas.
 13413 | Lair:4   | Reached skill level 18 in Unarmed Combat
 13570 | Lair:4   | Found a staircase to the Slime Pits.
 14208 | Lair:5   | Entered Level 5 of the Lair of Beasts
 14707 | Lair:5   | Reached XP level 14. HP: 126/137 MP: 18/18
 14891 | Lair:5   | Found a runed translucent gate.
 14892 | Lair:5   | Found a runed translucent gate.
 14893 | Lair:5   | Noticed Voker57's ghost (journeyman DsMo)
 14893 | Lair:5   | Found a runed translucent gate.
 14954 | Lair:5   | Identified the +1 robe "Fiablev" {Dex+3 Archmagi}
 15013 | Lair:5   | Reached ****** piety under Qazlal
 15507 | Lair:5   | Killed Voker57's ghost
 15712 | Orc:1    | Entered Level 1 of the Orcish Mines
 15772 | Orc:1    | Reached skill level 10 in Fighting
 16130 | Orc:1    | Noticed Erica
 16143 | Orc:1    | Killed Erica
 16300 | Orc:2    | Entered Level 2 of the Orcish Mines
 16300 | Orc:2    | Found a runed translucent gate.
 16300 | Orc:2    | Found a runed translucent gate.
 16300 | Orc:2    | Found a runed translucent gate.
 16301 | Orc:2    | Noticed PirateVox's ghost (journeyman SpHu)
 16301 | Orc:2    | Noticed anet's ghost (journeyman MiBe)
 16304 | Orc:2    | Noticed Rrauwl's ghost (adept OgGl)
 16304 | Orc:2    | Noticed Gargoyl's ghost (journeyman GrBe)
 16305 | Orc:2    | Noticed chipmonk's ghost (journeyman GnCj)
 16477 | Orc:2    | Found a staircase to the Elven Halls.
 16824 | Orc:2    | Found Hulafrye's General Store.
 16824 | Orc:2    | Found Meapt's Antique Armour Shoppe.
 16829 | Orc:2    | Bought a scroll of blinking for 112 gold pieces
 16838 | Orc:2    | Bought a glowing scarf for 296 gold pieces
 16981 | Orc:2    | Reached skill level 1 in Armour
 16986 | Orc:2    | Found Buukef's Distillery.
 16986 | Orc:2    | Found Loweroac's Antique Weapon Shoppe.
 17060 | Orc:2    | Bought a potion of might for 44 gold pieces
 17060 | Orc:2    | Bought a potion of might for 44 gold pieces
 17110 | Orc:2    | Found a runed translucent door.
 17474 | Orc:1    | Killed Rrauwl's ghost
 17535 | Orc:1    | Killed Gargoyl's ghost
 17565 | Orc:1    | Killed PirateVox's ghost
 17580 | Orc:1    | Killed anet's ghost
 17638 | Orc:2    | Killed chipmonk's ghost
 17694 | Orc:2    | Identified the +2 flail "Conservator" {holy, rCorr Dex+3}
 17710 | Orc:2    | Got The Second Course in Spellcraft
 18233 | D:12     | Reached XP level 15. HP: 154/154 MP: 20/20
 18328 | D:12     | Noticed Jorgrun
 18333 | D:12     | Killed Jorgrun
 18537 | D:12     | You fall into a shaft and drop 3 floors!
 18537 | D:15     | Entered Level 15 of the Dungeon
 18831 | D:13     | Noticed Urug
 18840 | D:13     | Reached skill level 5 in Armour
 18847 | D:13     | Killed Urug
 19063 | D:13     | Found a gate to the Vaults.
 19089 | D:13     | Found a gate leading to a gauntlet.
 19094 | Gauntlet | Entered a Gauntlet
 19094 | Gauntlet | Found a transporter.
 19094 | Gauntlet | Found a transporter.
 19094 | Gauntlet | Found a transporter.
 19095 | Gauntlet | Found a transporter.
 19098 | Gauntlet | Found a transporter.
 19098 | Gauntlet | Found a transporter.
 19110 | Gauntlet | Found a transporter.
 19114 | Gauntlet | Found a transporter.
 19125 | Gauntlet | Found a transporter.
 19125 | Gauntlet | Found a transporter.
 19125 | Gauntlet | Found a transporter.
 19126 | Gauntlet | Found a transporter.
 19149 | Gauntlet | Found the +2 hood of the Assassin {Detect Stab+ Stlth++}
 19609 | D:13     | Found a gateway to a bazaar.
 19617 | Bazaar   | Entered a bazaar
 19617 | Bazaar   | Found Kaviohar's Jewellery Shoppe.
 19617 | Bazaar   | Found Mion's Assorted Antiques.
 19617 | Bazaar   | Found Emauciyk's Antique Weapon Emporium.
 19618 | Bazaar   | Upgraded the game from 0.31-a0-152-g6aa68a64a1 to
                  | 0.31-a0-354-g827e0957a7
 19619 | Bazaar   | Found Sabof's Jewellery Emporium.
 19625 | Bazaar   | Bought the ring of Limitation {Slay+3 SInv} for 553 gold
                  | pieces
 19625 | Bazaar   | Bought the ring "Kian" {rElec rPois rC+ Will+ Int-2} for
                  | 736 gold pieces
 20362 | D:9      | Killed mn3067's ghost
 20543 | Spider:1 | Entered Level 1 of the Spider Nest
 20580 | Spider:1 | Reached skill level 5 in Dodging
 20677 | Spider:1 | HP: 5/156 [tarantella[a broodmother] (8)]
 20677 | Spider:1 | Mangled by a broodmother

Illustrated notes

Levels and vault maps discovered:
D:1:      matt_arrival_grand_opening, layout_basic, minmay_misc_feat_roman,
          feat_on_display
D:2:      layout_loops_cross, serial_shops, shop, grunt_decor_junction,
          amcnicky_mini_corridor_feature
D:3:      layout_loops_ring, minmay_close_crescents, uniq_robin
D:4:      layout_basic, dk_xom_monty_hall, kennysheep_mini
D:5:      layout_cave_pools, fedhas_bush_and_centaur_altar,
          overflow_temple_1_default, lemuel_coloured_pillars_altar,
          grunt_dithmenos_shadows, temple_pool_b, sigmund_army
D:6:      layout_cave_pods, makhleb_altar_promises_db, amcnicky_altar_gilded,
          general_overflow_altar, biasface_ghost_orc_armoury,
          nicolae_shop_i_like_big_books, uniq_maggie, uniq_edmund,
          uniq_blork_the_orc
D:7:      layout_gridville, mainiacjoe_overflow_alcove_4,
          mainiacjoe_overflow_concentric_impassable, st_stairs_5
D:8:      layout_basic, okawaru_metal_pillars_3, lemuel_tele_altar,
          enter_bailey_3, nrook_uturn
D:9:      layout_long_grid, orc_0_dummy, serial_shops, shop, shop, shop, shop,
          gammafunk_ghost_cemetery
D:10:     layout_roguey
D:11:     minmay_klotski, layout_loops_corners, lemuel_zombie_altar_yredelemnul
D:12:     layout_irregular_city, kennysheep_potato, uniq_jorgrun
D:13:     layout_loops_ring, lightli_vaults_fourway_checkpoint, serial_shops,
          statue_bzr, gauntlet_entry_generic, uniq_urug
D:14:     layout_loops_ring, nrook_guardian_serpent_double
D:15:     gammafunk_depths_entry_grave, layout_layer_cave,
          chequers_serial_rivers_micro_d
Temple:   hellmonk_temple_rainy
Lair:1:   layout_chaotic_city, grunt_megastairs_3
Lair:2:   layout_regular_city, nicolae_shoals_entry_flooding,
          ebering_ghost_disaster_area, nicolae_lair_lindhole
Lair:3:   layout_gridlike, nicolae_spider_entry_orb_guardian, fungi_pond_lemuel,
          uniq_amaemon
Lair:4:   layout_gridlike, slime_entry_1, nicolae_quartered_pool_super,
          lemuel_oklob_altar
Lair:5:   minmay_lair_end_frog_pond, layout_long_grid,
          gammafunk_ghost_necromancy, chequers_serial_rivers_small_a
Spider:1: layout_spider_delve, hangedman_spider_tarantella_strand
Orc:1:    cheibrodos_orc_guarddog, layout_caves, uniq_erica
Orc:2:    st_orc_town, layout_diamond_mine, gammafunk_ghost_cemetery,
          lightli_church_of_beogh

Skill      XL: |  1  2  3  4  5  6  7  8  9 10 11 12 13 14 15 |
---------------+----------------------------------------------+-----
Shields        | 3 4 5 6 7 8 |  8.5
Unarmed Combat | 3 4 5 6 8 10 12 14 15 17 18 | 18.9
Fighting       | 3 4 5 6 7 8 11 12 | 12.1
Invocations    | 3 5 7 9 |  9.5
Armour         | 3 7 |  7.0
Dodging        | 5 |  5.9
Evocations     | |  0.8

Action                     |  1- 3 |  4- 6 |  7- 9 | 10-12 | 13-15 || total
---------------------------+-------+-------+-------+-------+-------++-------
  Melee: Unarmed           |    94 |   113 |   224 |   488 |   923 ||  1842
  Throw: Dart              |       |     1 |       |       |       ||     1
 Invoke: Elemental Force   |       |       |       |       |     2 ||     2
         Upheaval          |       |       |       |       |     9 ||     9
         Disaster Area     |       |       |       |       |     2 ||     2
  Evoke: Wand              |       |     2 |     5 |       |    12 ||    19
    Use: Scroll            |       |     4 |     4 |    10 |     7 ||    25
         Potion            |       |       |     1 |       |     3 ||     4
   Stab: Sleeping          |     2 |     1 |       |       |       ||     3
         Paralysed         |       |     6 |     8 |       |     1 ||    15
         Petrified         |       |       |       |     1 |       ||     1
 Armour: Robe              |    22 |    22 |    12 |       |       ||    56
         Swamp dragon scal |       |       |    44 |    95 |   216 ||   355
  Dodge: Dodged            |    16 |    26 |    79 |    92 |   259 ||   472
         Repelled          |       |       |       |       |     6 ||     6
  Block: Kite shield       |    40 |    43 |   131 |   294 |  1052 ||  1560
         Reflection        |       |       |       |       |    29 ||    29
         Other             |       |       |       |       |    13 ||    13

Table legend: (Time is in decaauts)
 A = Elapsed time spent in this place.
 B = Non-inter-level travel time spent in this place.
 C = Inter-level travel time spent in this place.
 D = Time resting spent in this place.
 E = Time spent auto-exploring this place.
 F = Levels seen in this place.
 G = Mean time per level.
                   A        B        C        D        E       F      G
               +--------+--------+--------+--------+--------+-----+--------+
         Total |  20329 |  19007 |   1322 |   1882 |  11486 |  27 |  752.9 |
       Dungeon |  11406 |  10526 |    880 |    596 |   7101 |  15 |  760.4 |
        Temple |     36 |     36 |      0 |      0 |      0 |   1 |   36.0 |
          Lair |   5498 |   5123 |    375 |    713 |   3101 |   5 | 1099.6 |
   Spider Nest |    100 |    100 |      0 |      2 |      0 |   1 |  100.0 |
  Orcish Mines |   2063 |   1997 |     66 |    401 |   1057 |   2 | 1031.5 |
        Bazaar |     36 |     36 |      0 |      0 |      0 |   1 |   36.0 |
        Bailey |    741 |    741 |      0 |    128 |    178 |   1 |  741.0 |
      Gauntlet |    445 |    445 |      0 |     41 |     49 |   1 |  445.0 |
               +--------+--------+--------+--------+--------+-----+--------+

Top non-repeatable levels by time:
   Orc:2: 1216 daAuts
  Lair:4: 1213 daAuts
  Lair:3: 1155 daAuts
  Lair:2: 1150 daAuts
    D:11: 1140 daAuts
     D:9: 1081 daAuts
     D:6: 1045 daAuts
  Lair:5: 1012 daAuts
  Lair:1: 967 daAuts
     D:7: 956 daAuts
     D:4: 927 daAuts
     D:1: 905 daAuts
     D:5: 852 daAuts
   Orc:1: 846 daAuts
    D:10: 782 daAuts
